AoeStats
← Trotamundos

Arabia

507514618Analyzed
1v1 RM · 13d ago on Sep 18, 2026· 31m 47s· 2 players
Game mode
Random Map
Map size
Tiny (2 player)
Population
200
Speed
Normal
Resources
Standard
Victory
Conquest
Starting age
Dark Age
Ending age
Imperial Age
RankedLock teamsTeams togetherTeam positionsShared explorationLock speedFull tech treeHidden civsTurbo modeCheats
Victory
Defeat
🇵🇪 Turks · Peru
1042
+17
🇦🇷 Magyars · Argentina
1054
-17
Trotamundos
6:01 Loom
9:36 Feudal Age
11:00 Double-Bit Axe
15:50 Horse Collar
20:36 Castle Age
19:03 Stone Mining
20:08 Gold Mining
25:06 Bow Saw
27:00 Gold Shaft Mining
31:35 Imperial Age
Ukt0h
9:41 Feudal Age
10:19 Loom
12:44 Double-Bit Axe
13:13 Town Watch
18:48 Wheelbarrow
18:13 Horse Collar
23:40 Castle Age
Connection lost

Rejoining the realm…

Still unreachable

The connection could not be restored.

Session expired

The server has moved on; the page needs a fresh start.